Map: [ESL] Hardwire

Players

Scarlett

  • Race: Zerg Zerg

Clem - Winner!

  • Race: Terran Terran

Event: IEM Katowice 2022

VOD

Have the link to the VOD?

Description

Time

  • Played on: Feb. 25, 2022, 2:14 p.m.
  • Length: 41:39

All games in this series

Show
View Real Time Build Order
Export as new Build Order

Scarlett Zerg 

Build Orders: Hatch First, Lurkers 

Get SALT Encoding   

  12  0:00  Drone  
  13  0:12  Overlord  
  13  0:17  Drone  
  14  0:30  Drone x2  
  16  0:46  Hatchery  
  15  0:51  Drone  
  15  0:54  Drone  
  17  0:57  Drone  
  18  1:08  Extractor  
  17  1:12  Spawning Pool  
  17  1:15  Drone  
  18  1:18  Drone  
  18  1:28  Drone  
  19  1:38  Drone  
  20  1:49  Drone  
  21  1:59  Queen x2  
  21  2:01  Zergling x2  
  26  2:03  Zergling x2  
  27  2:10  Drone  
  27  2:11  Overlord  
  28  2:19  Hatchery  
  28  2:22  Drone  
  28  2:35  Drone x3  
  30  2:38  Queen  
  30  2:43  Metabolic Boost  
  32  2:47  Overlord  
  32  2:50  Drone  
  33  2:55  Drone x2  
  35  3:03  Drone  
  36  3:06  Overlord  
  36  3:07  Drone x2  
  36  3:11  Zergling x2  
  39  3:15  Queen  
  39  3:18  Drone  
  42  3:26  Drone x2, Queen  
  44  3:29  Drone  
  47  3:38  Drone  
  47  3:39  Queen  
  47  3:40  Drone x3  
  53  3:43  Zergling x4  
  55  3:52  Drone x3, Overlord  
  55  4:05  Drone x3  
  55  4:09  Overlord  
  58  4:12  Drone x2  
  58  4:15  Zergling x2  
  60  4:20  Zergling x4  
  62  4:25  Overlord  
  62  4:27  Lair  
  62  4:28  Drone x3  
  62  4:29  Drone x2  
  67  4:33  Spore Crawler, Baneling Nest  
  67  4:35  Extractor  
  67  4:36  Drone x2  
  67  4:37  Spore Crawler  
  65  4:38  Spore Crawler  
  65  4:45  Queen  
  64  4:48  Drone x4  
  70  4:53  Drone x3  
  70  4:54  Drone x2  
  70  4:55  Drone  
  70  4:58  Drone  
  77  5:01  Drone x3  
  77  5:02  Overlord  
  80  5:17  Overlord  
  80  5:18  Overlord  
  80  5:19  Hatchery  
  79  5:23  Queen  
  79  5:24  Extractor x2  
  79  5:25  Centrifugal Hooks  
  79  5:28  Drone x3  
  79  5:29  Drone x3  
  79  5:31  Drone  
  79  5:33  Drone x2, Extractor  
  79  5:34  Drone  
  79  5:35  Zergling x2  
  89  5:38  Drone  
  89  5:39  Drone  
  89  5:42  Evolution Chamber  
  90  5:45  Zergling x8  
  90  5:47  Evolution Chamber  
  93  5:51  Zergling x2  
  93  5:55  Zergling x8  
  93  5:56  Queen  
  100  6:01  Zergling x8  
  104  6:04  Hydralisk Den  
  104  6:07  Overlord x2  
  104  6:08  Overlord  
  102  6:22  Drone x3  
  102  6:24  Zerg Ground Armor Level 1, Zerg Melee Weapons Level 1  
  105  6:27  Extractor  
  105  6:28  Drone  
  105  6:30  Drone x7  
  112  6:34  Baneling  
  112  6:35  Baneling x10  
  112  6:42  Drone x9  
  120  6:53  Baneling  
  120  6:54  Baneling x10  
  118  6:58  Hatchery  
  117  7:03  Zergling x10  
  117  7:07  Muscular Augments, Drone  
  117  7:08  Hatchery, Zergling x4  
  124  7:10  Overlord  
  124  7:18  Zergling x6  
  127  7:23  Overseer  
  127  7:28  Zergling x12  
  129  7:33  Baneling  
  129  7:34  Baneling x7  
  128  7:37  Zergling x16  
  134  7:52  Hydralisk  
  134  7:54  Overlord x5  
  133  8:02  Drone x2, Spore Crawler  
  133  8:03  Infestation Pit  
  133  8:07  Hydralisk x4  
  133  8:11  Overseer  
  133  8:12  Hydralisk x10  
  137  8:14  Zergling x2  
  137  8:15  Zergling x4  
  137  8:18  Grooved Spines  
  158  8:22  Zergling x8  
  158  8:25  Zerg Melee Weapons Level 2  
  159  8:30  Zerg Ground Armor Level 2  
  158  8:35  Overlord x2  
  158  8:37  Drone  
  158  8:38  Drone x2, Extractor  
  158  8:39  Drone x3, Extractor  
  161  8:42  Drone x3  
  164  8:54  Zergling x20  
  170  8:58  Zergling x2  
  170  9:00  Hive  
  170  9:02  Zergling x14  
  174  9:03  Lurker Den, Zergling x8  
  174  9:07  Zergling x10  
  176  9:11  Zergling x2  
  170  9:18  Zergling x10  
  170  9:23  Zergling x2  
  153  9:26  Hydralisk x3  
  153  9:30  Hydralisk x7  
  148  9:32  Zergling x4  
  146  9:39  Zergling x8  
  146  9:41  Drone  
  146  9:44  Spore Crawler, Queen  
  149  9:49  Pneumatized Carapace  
  149  9:51  Drone  
  149  9:52  Drone x5  
  146  9:55  Spore Crawler  
  146  9:56  Baneling x6  
  146  9:57  Spore Crawler  
  144  10:02  Zergling x20  
  144  10:04  Baneling x11  
  154  10:12  Seismic Spines  
  154  10:13  Viper, Adrenal Glands  
  156  10:16  Drone  
  156  10:17  Drone x2  
  156  10:18  Drone x2  
  161  10:21  Overlord  
  161  10:30  Drone x7  
  161  10:31  Drone  
  161  10:34  Zergling x2  
  161  10:35  Zergling x18  
  171  10:37  Zergling x2  
  166  10:44  Zergling x8  
  166  10:46  Viper  
  166  10:49  Zerg Ground Armor Level 3  
  167  10:50  Zerg Missile Weapons Level 1, Zergling x10  
  167  10:54  Queen  
  167  10:56  Zergling x8  
  178  10:58  Zergling x6  
  181  11:09  Zergling x16, Adaptive Talons  
  189  11:13  Zergling x6  
  189  11:15  Nydus Network  
  191  11:18  Hatchery  
  191  11:22  Zergling x16  
  198  11:36  Hatchery  
  191  11:46  Extractor x2  
  185  11:50  Zergling x14  
  182  11:57  Hydralisk x3  
  182  11:58  Zergling x16  
  182  11:59  Overseer, Overlord  
  191  12:09  Drone x3  
  191  12:14  Lurker x4  
  198  12:32  Lurker x2  
  199  12:37  Baneling x11  
  199  12:40  Overseer  
  199  12:46  Baneling x9, Nydus Canal  
  199  12:52  Spore Crawler x2, Spine Crawler  
  199  12:53  Spine Crawler x2  
  192  13:00  Zergling x6  
  192  13:01  Zergling x18  
  192  13:05  Hydralisk x5  
  180  13:06  Zergling x24  
  180  13:12  Zergling x12  
  192  13:18  Zergling x8  
  196  13:22  Lurker x3  
  199  13:29  Zerg Melee Weapons Level 3, Extractor  
  199  13:30  Extractor  
  199  13:31  Zerg Missile Weapons Level 2  
  197  13:36  Overseer x2  
  197  13:44  Baneling x9  
  197  13:47  Nydus Network  
  196  13:50  Overseer x2  
  196  13:51  Overseer  
  196  14:12  Hatchery  
  196  14:16  Drone  
  186  14:21  Zergling x28  
  200  14:34  Overlord  
  200  14:39  Hatchery  
  199  14:50  Zergling x2  
  198  14:57  Overlord  
  198  14:58  Overlord  
  194  15:08  Zergling x24  
  189  15:18  Zergling x36  
  186  15:47  Lurker x4  
  186  15:49  Zergling x26  
  198  15:58  Zerg Missile Weapons Level 3  
  195  16:11  Spore Crawler, Extractor x2  
  193  16:13  Spore Crawler  
  193  16:15  Baneling  
  193  16:16  Overseer, Baneling x5  
  191  16:24  Baneling x8, Zergling x8  
  191  16:25  Zergling x8  
  199  16:26  Spine Crawler  
  198  16:35  Drone  
  195  16:47  Zergling x10  
  195  16:51  Spore Crawler  
  190  16:57  Spine Crawler  
  190  16:58  Spine Crawler  
  190  17:01  Spine Crawler  
  173  17:06  Zergling x28  
  173  17:08  Hydralisk x6  
  147  17:09  Zergling x44  
  147  17:12  Zergling x10  
  167  17:19  Zergling x10  
  162  17:23  Zergling x10  
  162  17:25  Hydralisk x2  
  162  17:26  Overlord  
  164  17:30  Overlord x2  
  164  17:33  Overseer  
  164  17:34  Zergling x8  
  164  17:35  Zergling x4  
  164  17:36  Lurker x6  
  174  17:37  Hydralisk  
  176  17:47  Hydralisk  
  176  17:48  Hydralisk x3  
  176  17:50  Drone x5  
  189  17:52  Lurker  
  189  17:53  Baneling x25, Lurker  
  189  17:54  Zergling x18  
  200  18:02  Baneling  
  200  18:03  Baneling x7  
  200  18:10  Nydus Canal  
  200  18:11  Nydus Canal  
  200  18:12  Baneling x6  
  200  18:18  Zergling x6  
  164  18:29  Zergling x20  
  164  18:31  Zergling x2  
  164  18:32  Zergling x30  
  172  18:36  Zergling x8  
  172  18:41  Overseer  
  161  18:48  Hydralisk  
  161  18:49  Hydralisk x5  
  171  18:57  Hydralisk x3  
  171  19:01  Nydus Canal  
  169  19:03  Overseer x2  
  169  19:04  Overseer  
  169  19:06  Drone x5  
  162  19:13  Hydralisk x3  
  162  19:14  Hydralisk  
  167  19:17  Overseer  
  163  19:26  Lurker x2, Zergling x2  
  163  19:27  Zergling x16  
  168  19:38  Overlord x3  
  146  19:47  Lurker x4  
  146  19:48  Baneling x4  
  146  19:49  Baneling x6  
  146  19:50  Zergling x14  
  154  19:54  Drone x2  
  154  19:58  Extractor  
  155  20:01  Baneling x6, Lurker  
  155  20:02  Lurker x6  
  162  20:17  Overseer  
  162  20:20  Hydralisk x6  
  162  20:21  Hydralisk x2  
  174  20:23  Zergling x16  
  174  20:27  Drone x4  
  174  20:28  Extractor  
  189  20:30  Drone x2  
  189  20:31  Drone  
  192  20:39  Zergling x16  
  200  20:49  Overseer  
  198  21:03  Zergling x4  
  200  21:05  Overlord  
  200  21:18  Overlord x3  
  200  21:20  Hatchery  
  198  21:37  Lurker x2  
  200  21:46  Baneling x10  
  168  21:55  Hydralisk x4  
  168  21:56  Zergling x24  
  168  21:57  Zergling x22  
  168  22:00  Lurker x6  
  183  22:25  Zergling x40  
  185  22:42  Lurker x4  
  185  22:43  Baneling x7  
  185  22:44  Baneling, Zergling x24  
  190  22:45  Nydus Canal  
  190  22:50  Zergling x12  
  200  22:57  Zergling x2  
  200  22:58  Zergling x28  
  190  23:07  Overseer x3  
  190  23:10  Viper  
  190  23:11  Viper x2  
  199  23:14  Spire  
  199  23:17  Zergling x2  
  199  23:18  Zergling x2  
  174  23:27  Zergling x22  
  175  23:35  Zergling x20  
  175  23:36  Zergling x10  
  184  23:42  Extractor  
  184  23:43  Extractor  
  182  23:51  Burrow  
  182  23:52  Pathogen Glands  
  182  24:08  Zergling x40  
  195  24:14  Nydus Canal x2  
  195  24:15  Overseer x3  
  192  24:19  Zergling x2  
  192  24:20  Zergling x18  
  182  24:24  Zergling x24  
  182  24:28  Overlord x2  
  182  24:29  Greater Spire  
  186  24:36  Lurker x3  
  189  24:48  Overseer x3  
  189  24:50  Baneling x10  
  189  24:53  Overseer  
  171  25:09  Zergling x2  
  171  25:10  Zergling x58  
  150  25:18  Hydralisk x3  
  148  25:22  Hydralisk x6  
  148  25:23  Zergling x4  
  152  25:38  Hydralisk x10  
  152  25:42  Hatchery  
  170  26:01  Zerg Flyer Weapons Level 1  
  170  26:27  Corruptor x10  
  166  26:46  Infestor x3  
  166  26:47  Infestor, Neural Parasite  
  149  26:50  Infestor  
  161  27:00  Corruptor x7  
  177  27:04  Brood Lord x9  
  177  27:07  Lurker x6  
  177  27:08  Lurker  
  196  27:28  Brood Lord  
  197  27:38  Brood Lord x2  
  197  27:42  Brood Lord x2  
  196  27:45  Brood Lord  
  198  28:00  Overseer x3  
  198  28:17  Zergling x2  
  198  28:18  Zergling x20  
  193  28:25  Zergling x18  
  193  28:34  Zergling x50  
  169  28:56  Infestor x2  
  169  28:59  Hatchery  
  172  29:06  Corruptor x3  
  172  29:07  Corruptor x5  
  180  29:25  Corruptor x3  
  180  29:26  Overlord  
  186  29:35  Corruptor x3  
  186  29:36  Viper  
  194  29:46  Zerg Flyer Armor Level 1  
  194  29:52  Brood Lord x2, Extractor  
  198  29:55  Extractor  
  195  30:03  Overseer  
  184  30:13  Brood Lord x5  
  182  30:40  Corruptor x5  
  176  30:56  Overseer x2  
  170  31:11  Hatchery, Queen  
  171  31:24  Brood Lord x4  
  179  31:38  Overseer  
  179  31:39  Overlord x2  
  179  31:46  Queen  
  181  31:55  Overseer  
  181  32:00  Brood Lord x4  
  186  32:16  Infestor  
  186  32:17  Infestor  
  186  32:20  Baneling  
  186  32:21  Baneling x9  
  186  32:24  Zergling x4  
  186  32:28  Zergling x2  
  186  32:29  Zergling x2  
  162  32:51  Zergling x16  
  162  32:52  Zergling x4  
  162  32:56  Zergling x4  
  131  33:18  Zergling x18  
  124  33:37  Queen  
  114  33:58  Infestor x6  
  114  34:01  Baneling x8  
  117  34:04  Brood Lord  
  121  34:17  Brood Lord  
  121  34:20  Brood Lord  
  117  34:45  Queen  
  104  35:34  Infestor  
  94  35:45  Corruptor x3  
  95  35:50  Overseer  
  92  36:16  Brood Lord x3  
  98  36:27  Corruptor x3  
  100  36:51  Infestor  
  100  36:59  Brood Lord  
  100  37:00  Brood Lord x2  
  101  37:19  Infestor  
  78  38:09  Infestor x3  
  84  38:16  Infestor x3  
  89  38:30  Infestor  
  89  39:00  Overseer  
  82  39:20  Infestor x4  
  58  40:00  Infestor  
  49  40:31  Infestor x3  
  49  40:37  Infestor x3  
  49  40:39  Infestor x2  
  58  41:14  Overseer  
Show
View Real Time Build Order
Export as new Build Order

Clem Terran - Winner!

Build Orders: Reaper Expand 

Get SALT Encoding   

  12  0:00  SCV  
  13  0:12  SCV  
  14  0:17  Supply Depot  
  14  0:24  SCV  
  15  0:38  SCV  
  15  0:39  Barracks  
  16  0:42  Refinery  
  16  0:50  SCV  
  17  1:02  SCV  
  18  1:14  SCV  
  19  1:27  Reaper, Orbital Command  
  20  1:39  Command Center  
  20  1:46  Supply Depot  
  20  1:53  SCV  
  21  1:59  Marine  
  22  2:05  SCV  
  23  2:08  Factory  
  23  2:17  SCV  
  23  2:20  Barracks Reactor  
  24  2:29  SCV  
  25  2:37  Command Center  
  25  2:41  SCV  
  26  2:50  Orbital Command  
  26  2:53  SCV  
  27  2:58  Barracks  
  27  3:04  Hellion  
  29  3:07  Hellion  
  29  3:09  SCV  
  29  3:11  Barracks Tech Lab  
  32  3:17  SCV  
  33  3:21  SCV, Refinery  
  33  3:26  Hellion  
  36  3:29  SCV, Hellion  
  36  3:33  Stimpack  
  36  3:34  Marine  
  40  3:37  SCV  
  42  3:41  SCV  
  42  3:49  SCV, Orbital Command  
  43  3:56  Marine  
  43  3:57  SCV  
  43  4:01  SCV  
  46  4:03  Marine x2  
  46  4:09  SCV  
  44  4:10  Starport  
  44  4:13  SCV  
  44  4:14  Supply Depot, Marine  
  44  4:15  SCV  
  47  4:17  Factory Reactor  
  47  4:21  SCV, Marine x2  
  50  4:25  SCV  
  50  4:28  SCV  
  52  4:31  Marine  
  52  4:33  SCV  
  52  4:38  Supply Depot, SCV  
  55  4:39  Marine x2  
  55  4:40  SCV  
  59  4:45  SCV  
  59  4:48  Barracks  
  59  4:49  Marine  
  59  4:50  Refinery  
  60  4:54  SCV, Refinery  
  60  4:55  Medivac  
  60  4:56  Medivac  
  60  4:57  Marine x2, Orbital Command  
  60  4:58  Factory Tech Lab  
  60  4:59  SCV  
  68  5:04  Supply Depot  
  68  5:06  SCV  
  69  5:07  Marine  
  69  5:10  Engineering Bay  
  69  5:11  SCV  
  69  5:13  Engineering Bay  
  71  5:14  Marine  
  71  5:15  Marine  
  71  5:17  Combat Shield  
  71  5:18  SCV  
  74  5:24  Siege Tank  
  74  5:25  SCV, Marine  
  74  5:26  SCV  
  74  5:27  Supply Depot  
  80  5:30  SCV  
  80  5:32  Marine  
  80  5:33  Starport Reactor  
  82  5:37  SCV  
  82  5:38  Supply Depot, Terran Infantry Weapons Level 1, Marine  
  82  5:40  SCV  
  82  5:42  Terran Infantry Armor Level 1  
  85  5:48  Marine  
  85  5:49  Supply Depot, SCV, Marine x2  
  87  5:50  Supply Depot, Marine  
  87  5:51  SCV  
  87  5:52  SCV  
  92  5:59  Barracks  
  92  6:02  Barracks, Siege Tank  
  96  6:04  SCV x2  
  96  6:08  SCV, Marine  
  96  6:09  Marine x2  
  96  6:11  Marine  
  102  6:13  Marine  
  102  6:16  SCV x2  
  102  6:17  Supply Depot  
  104  6:19  Supply Depot  
  104  6:20  Medivac x2  
  104  6:22  SCV  
  109  6:26  Marine  
  109  6:29  SCV x2  
  109  6:30  Marine  
  109  6:31  Supply Depot  
  113  6:34  SCV  
  113  6:37  Supply Depot  
  113  6:39  Armory  
  114  6:41  SCV  
  114  6:42  Siege Tank  
  114  6:45  Marine  
  114  6:46  Marine  
  120  6:48  Barracks Reactor  
  120  6:49  Marine  
  120  6:50  SCV x2  
  120  6:52  Marine  
  123  6:57  Medivac x2  
  123  7:00  Barracks Reactor, Refinery, Marine  
  123  7:01  Refinery  
  128  7:03  Missile Turret, Marine  
  129  7:13  Command Center  
  129  7:14  Marine  
  129  7:15  Marine  
  131  7:18  Factory  
  131  7:20  Siege Tank  
  134  7:23  Marine  
  134  7:24  Marine  
  134  7:25  Marine  
  134  7:26  Supply Depot  
  134  7:29  Marine  
  138  7:31  Terran Vehicle And Ship Armor Level 1  
  138  7:34  Supply Depot, Medivac  
  138  7:35  Marine  
  141  7:39  Marine  
  141  7:44  Marine x3  
  143  7:45  Supply Depot  
  143  7:47  Supply Depot, Terran Infantry Weapons Level 2  
  145  7:52  Marine x3  
  145  7:53  Marine x2  
  150  7:59  Siege Tank  
  150  8:01  Concussive Shells  
  150  8:03  Supply Depot  
  153  8:07  Marine  
  153  8:09  Factory Tech Lab  
  153  8:12  Marine x5  
  157  8:14  Marine  
  157  8:16  Marine x2  
  162  8:24  Marine  
  162  8:25  Medivac  
  162  8:27  Supply Depot, Medivac  
  166  8:30  Marine x4  
  166  8:31  Marine, Siege Tank  
  166  8:32  Marine  
  166  8:33  Siege Tank  
  178  8:39  Terran Infantry Armor Level 2  
  178  8:40  Marine x2  
  180  8:52  Barracks  
  180  8:53  Barracks  
  180  8:54  Barracks  
  180  9:00  Marine  
  181  9:03  Siege Tank  
  181  9:04  SCV x3  
  181  9:05  Marine x2, Siege Tank  
  184  9:15  Medivac x2  
  184  9:16  Marine x2  
  188  9:20  Marauder  
  188  9:24  Marine x2  
  158  9:25  Marine x3  
  158  9:26  SCV  
  158  9:29  SCV  
  149  9:31  Marine  
  149  9:34  Marine  
  149  9:35  Siege Tank  
  140  9:40  Siege Tank  
  140  9:42  Terran Vehicle Weapons Level 1, Marine  
  140  9:43  Marine x2  
  140  9:45  Barracks Tech Lab x3  
  146  9:48  SCV  
  146  9:50  SCV  
  146  9:51  Marine x5  
  150  9:54  SCV  
  150  9:55  Marine  
  150  9:59  Medivac x2  
  156  10:00  SCV, Marine  
  158  10:08  Supply Depot  
  158  10:09  Supply Depot  
  158  10:10  Siege Tank  
  158  10:11  Marine x3, Marauder  
  158  10:13  Marine x2  
  167  10:19  Marine x2, Siege Tank  
  172  10:23  Marine x2  
  172  10:24  Marauder  
  172  10:25  Marine  
  172  10:28  Planetary Fortress  
  172  10:37  SCV  
  172  10:38  Marine x2  
  172  10:39  Marine x2  
  172  10:40  Terran Infantry Weapons Level 3  
  176  10:43  Marine  
  176  10:45  Marine  
  176  10:47  Marine x2  
  176  10:51  Refinery, Command Center  
  176  10:53  Siege Tank  
  176  10:54  Marine  
  176  10:55  Marine x3  
  182  10:58  Siege Tank  
  182  10:59  Marine x2  
  187  11:06  Refinery  
  187  11:12  Medivac x2  
  187  11:13  SCV x2  
  193  11:18  Sensor Tower  
  193  11:22  SCV  
  193  11:23  SCV, Ghost Academy  
  195  11:25  Marine  
  195  11:26  Marauder x2  
  197  11:40  Siege Tank  
  197  11:44  Marine  
  200  11:53  Siege Tank  
  179  11:58  Ghost x3  
  179  12:02  Marine x9  
  179  12:03  Command Center  
  179  12:06  Missile Turret, SCV  
  189  12:08  SCV  
  189  12:10  SCV  
  189  12:12  Siege Tank  
  194  12:15  SCV  
  194  12:19  Ghost  
  194  12:21  Refinery, Sensor Tower  
  197  12:28  Missile Turret x2, Ghost, Refinery  
  193  12:33  Ghost  
  193  12:36  Ghost  
  195  12:44  Planetary Fortress  
  197  12:48  Missile Turret, Siege Tank  
  197  12:50  Orbital Command  
  200  13:01  Ghost x2  
  200  13:02  Siege Tank  
  200  13:04  Medivac  
  185  13:11  SCV  
  184  13:15  Ghost x2  
  184  13:16  Marine x2  
  184  13:18  Marine x6  
  196  13:20  SCV, Siege Tank  
  196  13:25  Missile Turret  
  200  13:31  Orbital Command  
  200  13:38  Terran Vehicle Weapons Level 2  
  200  13:39  Terran Infantry Armor Level 3  
  200  13:47  Supply Depot x3  
  200  13:58  Command Center  
  200  14:01  Command Center  
  200  14:19  Factory  
  200  14:27  Command Center  
  200  14:29  Command Center  
  200  14:38  Missile Turret  
  200  14:41  Missile Turret  
  200  14:44  Missile Turret  
  198  14:45  Neosteel Armor, Sensor Tower  
  198  14:46  Ghost  
  199  15:00  Missile Turret  
  199  15:13  Siege Tank  
  194  15:19  Orbital Command, Medivac  
  194  15:20  Siege Tank  
  184  15:21  Ghost x2  
  184  15:22  Marauder  
  184  15:23  Factory Tech Lab, Marauder, Marine x4  
  184  15:24  Marine  
  184  15:25  Planetary Fortress  
  194  15:43  Orbital Command  
  194  15:45  Siege Tank  
  194  15:49  Siege Tank  
  198  15:50  Ghost  
  200  15:59  Missile Turret  
  200  16:02  Refinery  
  196  16:11  Missile Turret  
  196  16:13  Missile Turret  
  196  16:14  Siege Tank  
  199  16:19  Command Center  
  199  16:25  Terran Vehicle Weapons Level 3, Hi-Sec Auto Tracking  
  199  16:26  Missile Turret  
  199  16:29  Planetary Fortress  
  199  16:32  Refinery  
  199  16:39  Command Center  
  199  16:42  Command Center  
  199  16:45  Missile Turret  
  199  16:50  Missile Turret  
  199  17:00  Ghost, Siege Tank x2  
  181  17:03  Marine  
  181  17:06  Ghost  
  181  17:07  Ghost, Siege Tank  
  152  17:08  Marine  
  152  17:10  SCV x2  
  152  17:12  Marine  
  152  17:14  Marine x2  
  152  17:15  Marine  
  151  17:16  SCV, Orbital Command  
  151  17:18  Marine  
  151  17:20  Marine x2  
  146  17:27  Marine  
  146  17:28  Marine  
  146  17:29  Marine  
  143  17:31  Marine  
  143  17:32  Marine, Siege Tank x2  
  143  17:36  Orbital Command  
  152  17:39  Siege Tank  
  155  17:46  Marine  
  155  17:47  Marine  
  155  17:48  Missile Turret, Marine, Sensor Tower  
  158  17:54  SCV x3  
  158  17:57  SCV  
  158  17:58  SCV  
  163  18:00  Orbital Command  
  163  18:04  Siege Tank x2  
  169  18:08  Ghost  
  169  18:11  Siege Tank  
  174  18:13  Marine x4  
  174  18:14  Marine  
  174  18:15  Marine  
  174  18:17  Marine  
  174  18:18  Marine x2  
  183  18:23  Ghost  
  171  18:27  Ghost  
  171  18:31  SCV  
  140  18:35  SCV, Ghost  
  140  18:36  Siege Tank x2  
  147  18:43  Siege Tank  
  147  18:47  Medivac  
  152  19:01  Marine  
  151  19:02  Marine  
  151  19:06  Marine x4  
  151  19:08  Marine x2, Siege Tank x2  
  153  19:15  Siege Tank  
  155  19:24  Planetary Fortress  
  155  19:28  Barracks Tech Lab  
  155  19:30  SCV x2  
  151  19:34  Marine  
  151  19:36  SCV  
  144  19:39  SCV  
  144  19:40  Siege Tank  
  144  19:41  Widow Mine, Marine  
  144  19:43  Marine  
  147  19:46  Marine  
  147  19:48  SCV  
  149  19:54  SCV  
  149  19:56  SCV x2  
  149  19:59  SCV  
  153  20:05  Siege Tank  
  156  20:09  Siege Tank  
  156  20:12  SCV  
  160  20:15  Marine  
  160  20:18  Siege Tank  
  164  20:23  Marine x4  
  164  20:24  SCV  
  165  20:37  SCV  
  165  20:38  Ghost, Siege Tank, Sensor Tower  
  165  20:39  SCV x2, Missile Turret  
  173  20:48  Marine x4  
  177  20:50  Drilling Claws, Widow Mine  
  177  20:53  Marine x2  
  181  20:57  Marine x3  
  184  21:06  Ghost  
  184  21:08  SCV x2  
  184  21:09  Refinery  
  184  21:10  Refinery  
  188  21:12  SCV x2  
  188  21:13  Orbital Command  
  188  21:14  Ghost  
  192  21:20  Ghost  
  192  21:21  Ghost  
  196  21:26  SCV  
  196  21:29  Marine  
  196  21:31  SCV  
  196  21:32  SCV  
  200  21:51  Ghost  
  184  21:56  Ghost  
  184  21:58  Siege Tank  
  184  22:00  SCV x2  
  190  22:03  Marauder x2  
  194  22:13  Siege Tank  
  196  22:17  Siege Tank  
  199  22:34  Refinery x2  
  199  22:36  Command Center  
  199  22:40  Marine  
  199  22:42  Terran Vehicle And Ship Armor Level 2  
  200  22:47  Medivac  
  198  23:02  Ghost, Siege Tank  
  198  23:05  Orbital Command  
  200  23:11  Personal Cloaking  
  200  23:21  Missile Turret  
  200  23:23  Sensor Tower  
  200  23:24  Siege Tank  
  193  23:27  Missile Turret  
  193  23:28  SCV  
  193  23:29  Marine x2  
  193  23:30  Missile Turret  
  195  23:34  Siege Tank  
  195  23:35  Medivac  
  196  23:42  Marine x2  
  196  23:43  Marauder  
  196  23:44  Orbital Command  
  196  23:56  Siege Tank  
  196  23:58  Factory Tech Lab  
  199  24:13  SCV  
  200  24:19  Refinery  
  200  24:22  Refinery, Liberator, Siege Tank  
  198  24:32  SCV  
  198  24:34  Planetary Fortress  
  198  24:35  Command Center  
  198  24:37  Enhanced Shockwaves  
  199  24:50  Sensor Tower  
  199  24:55  Orbital Command  
  199  25:01  Marine  
  199  25:02  Sensor Tower  
  196  25:10  Siege Tank  
  185  25:14  Siege Tank  
  185  25:15  Ghost, Marine  
  185  25:19  SCV  
  183  25:21  SCV  
  183  25:25  Siege Tank  
  171  25:36  Marine x5  
  171  25:37  Marine x2, Marauder x2  
  171  25:42  Siege Tank  
  180  25:43  Marine  
  180  25:44  Liberator x2  
  180  25:46  Siege Tank  
  180  25:47  Orbital Command  
  190  25:51  SCV  
  190  25:54  Marine x3  
  194  25:58  Widow Mine  
  196  26:08  Supply Depot  
  196  26:09  Missile Turret  
  196  26:14  Widow Mine  
  198  26:20  Ghost  
  200  26:28  Missile Turret x2, Refinery  
  200  26:36  Ghost  
  200  26:38  Widow Mine  
  200  26:39  Ghost  
  187  26:50  Planetary Fortress  
  187  26:53  Refinery  
  187  27:01  Marine x3, Siege Tank  
  193  27:13  Command Center  
  193  27:14  Sensor Tower  
  193  27:15  Missile Turret  
  193  27:18  Siege Tank  
  196  27:27  Viking x2  
  200  27:31  Terran Vehicle And Ship Armor Level 3  
  195  27:44  Siege Tank  
  195  27:46  Siege Tank  
  199  27:57  Missile Turret  
  199  27:59  Missile Turret  
  199  28:02  Nuke  
  199  28:18  Thor  
  199  28:23  Ghost  
  199  28:25  Ghost  
  198  28:32  Ghost  
  186  28:36  Ghost  
  186  28:38  Viking  
  157  28:51  Ghost  
  157  28:54  Ghost  
  148  29:01  Ghost  
  148  29:04  Ghost  
  150  29:20  Ghost  
  150  29:22  Ghost  
  154  29:24  SCV x2  
  154  29:29  Ghost  
  158  29:33  Ghost  
  160  29:49  Ghost  
  160  29:51  Ghost  
  164  29:58  Ghost  
  166  30:06  Ghost  
  162  30:17  Ghost  
  164  30:25  Viking x2  
  168  30:38  Ghost  
  159  30:51  Ghost  
  159  30:53  Ghost  
  142  30:58  Ghost  
  132  31:06  Ghost  
  134  31:20  Ghost  
  134  31:25  Ghost  
  136  31:27  Ghost  
  140  31:35  Ghost  
  142  31:48  Ghost  
  142  31:53  Ghost  
  144  31:57  Ghost  
  148  32:02  Thor  
  148  32:06  Ghost  
  154  32:17  Ghost  
  154  32:22  Ghost  
  156  32:26  Ghost  
  160  32:34  Ghost  
  158  32:45  Ghost  
  158  32:51  Marine x7  
  147  32:55  Marine  
  122  33:03  Marine  
  108  33:09  Marine x4  
  105  33:18  Marine  
  105  33:19  Marine  
  102  33:20  Ghost  
  102  33:22  Ghost  
  99  33:31  Ghost  
  95  33:36  Marine  
  89  33:45  Marine  
  89  33:47  Marine  
  91  33:50  Widow Mine  
  92  33:58  Marine  
  93  34:17  Orbital Command  
  92  34:30  Ghost x3  
  95  34:38  Marine  
  90  34:55  Ghost  
  90  34:58  Ghost  
  90  34:59  Marine  
  90  35:04  SCV x2  
  93  35:13  Ghost  
  90  35:19  SCV, Marine  
  92  35:24  Marine  
  92  35:27  Marine  
  94  35:38  Ghost  
  92  35:45  Ghost  
  94  36:00  Ghost  
  94  36:02  SCV x2  
  94  36:03  SCV x2  
  98  36:11  Ghost  
  99  36:37  Ghost  
  98  36:42  Missile Turret  
  98  36:49  Ghost x2  
  98  36:50  Ghost  
  102  36:58  SCV  
  103  37:05  Ghost  
  103  37:06  Siege Tank  
  104  37:28  Ghost  
  104  37:29  Ghost  
  96  37:32  Ghost  
  94  37:40  Marine x3  
  97  37:47  Medivac  
  99  38:00  Ghost  
  99  38:04  Marine  
  94  38:12  Marine x2  
  96  38:25  Marine x4  
  96  38:26  Thor  
  106  38:31  Marine x2  
  107  38:45  Medivac  
  107  38:46  Marine x2  
  107  38:47  Marine x2  
  113  38:53  Ghost, Marine, Medivac  
  110  39:15  Medivac  
  104  39:21  Marine x2  
  104  39:22  Marine  
  89  39:24  Marine  
  89  39:26  Marine  
  89  39:30  Marine x5  
  87  39:38  Marine  
  87  39:39  Marine  
  87  39:40  Marine  
  86  39:47  Ghost x2  
  87  39:55  Ghost  
  86  40:08  Marine  
  86  40:10  Marine  
  86  40:17  Ghost  
  88  40:32  Ghost  
  88  40:34  Ghost  
  92  40:46  Orbital Command  
  92  40:54  Missile Turret  
  92  41:04  Orbital Command  
  92  41:10  Ghost  

Tags
 
Add a new tag
Caveats
  • Supply blocks, unpowered buildings, or Contaminate may cause inaccurate times.
  • Supply counts are checked every 10 seconds.